 Dungeon Crawl Stone Soup version 0.30-a0-867-g305f33218d (webtiles) character file.

Game seed: 17852436018716989322

105 Darkkill the Shooter (level 4, -3/38 HPs)
             Began as a Minotaur Hunter on Mar 10, 2023.
             Slain by an iguana (6 damage)
             ... on level 4 of the Dungeon.
             The game lasted 00:02:38 (1759 turns).

Darkkill the Shooter (Minotaur Hunter)              Turns: 1759, Time: 00:02:39

Health: -3/38      AC:  4    Str: 15    XL:     4   Next: 53%
Magic:  3/3        EV: 13    Int:  6    God:
Gold:   117        SH:  0    Dex: 16    Spells: 3/3 levels left

rFire   . . .      SeeInvis .    a - +1 shortbow
rCold   . . .      Faith    .    (shield currently unavailable)
rNeg    . . .      Spirit   .    c - +1 leather armour
rPois   +          Reflect  .    (helmet restricted)
rElec   .          Rampage  .    (no cloak)
rCorr   .                        (no gloves)
Will    .....                    (no boots)
Stlth   ++                       (no amulet)
HPRegen 0.26/turn                l - ring of poison resistance
MPRegen 0.08/turn                (no ring)

@: no status effects
A: horns 2, retaliatory headbutt
a: no special abilities


You were on level 4 of the Dungeon.
You visited 1 branch of the dungeon, and saw 4 of its levels.

You collected 117 gold pieces.

Inventory:

Hand Weapons
 a - a +1 shortbow (weapon)
 b - a +0 glaive
Missiles
 h - 2 boomerangs
 m - 8 poisoned darts
 r - 2 stones
Armour
 c - a +1 leather armour (worn)
Jewellery
 l - a ring of poison resistance (left hand)
Scrolls
 d - 2 scrolls of immolation
 n - 2 scrolls of fog
 q - a scroll of fear
Potions
 e - a potion of resistance
 f - a potion of berserk rage
 g - a potion of curing {@q1}
 j - 2 potions of might
 k - a potion of invisibility {unknown}
 p - a potion of cancellation {unknown}
 v - a potion of lignification {unknown}


   Skills:
 + Level 3.5 Fighting
 + Level 5.0 Ranged Weapons
 + Level 3.2 Dodging
 + Level 2.0 Stealth


You had 3 spell levels left.
You didn't know any spells.
Your spell library contained the following spells:

 Spells                   Type           Power      Damage    Failure   Level
 Sandblast                Erth           0%         2d4       52%         1
 Summon Small Mammal      Summ           0%         N/A       52%         1
 Lesser Beckoning         Tloc           0%         N/A       67%         2
 Passwall                 Tmut/Erth      0%         N/A       67%         2
 Call Canine Familiar     Summ           0%         N/A       88%         3
 Gell's Gravitas          Tloc           0%         N/A       88%         3
 Stone Arrow              Conj/Erth      0%         3d7       88%         3
 Summon Guardian Golem    Hex/Summ       0%         N/A       88%         3
 Teleport Other           Tloc           0%         N/A       88%         3


Dungeon Overview and Level Annotations

Branches:
Dungeon (4/15)
 Temple: D:4-7

Altars:
Trog
Xom

Annotations:
D:4 Edmund


Innate Abilities, Weirdness & Mutations

You have a pair of horns on your head.
You reflexively headbutt those who attack you in melee.


Message History

Found a leather armour.
No target in view!
A hobgoblin comes into view.
You shoot an arrow. The arrow hits the hobgoblin.
The hobgoblin is severely wounded.
You shoot an arrow. The arrow hits the hobgoblin.
You kill the hobgoblin!
Edmund the Younger comes into view.
He is wielding a +2 heavy dire flail.
Edmund shouts!
You shoot an arrow.
The arrow hits Edmund but does no damage.
You shoot an arrow. The arrow barely misses Edmund.
You shoot an arrow. The arrow hits Edmund.
Edmund is lightly wounded.
You shoot an arrow. The arrow hits Edmund.
Edmund is lightly wounded.
Edmund closely misses you.
You shoot an arrow. The arrow closely misses Edmund.
Edmund gestures with his flail.
Edmund hits you with a +2 heavy dire flail!
You shoot an arrow. The arrow hits Edmund.
Edmund is lightly wounded.
Edmund hits you with a +2 heavy dire flail!!
Ouch! That really hurt!
* * * LOW HITPOINT WARNING * * *
You are too injured to fight recklessly!
As you read the scroll of teleportation, it crumbles to dust.
You feel strangely unstable.
Edmund hits you with a +2 heavy dire flail.
* * * LOW HITPOINT WARNING * * *
You feel much better.
You feel much better. Edmund barely misses you.
Edmund attacks as you move away! Edmund misses you. You furiously retaliate!
You headbutt Edmund.
Your surroundings suddenly seem different.
An endoplasm and an iguana come into view.
Found a fizzy ruby potion.
The endoplasm quivers.
Fire: a) +1 shortbow
Press: ? - help, Q - select action, (/) - cycle Shift-Dir - straight line, f - endoplasm
Aim: an endoplasm (87% to hit)
You shoot an arrow.
The arrow completely misses the endoplasm.
The iguana hisses angrily.
Fire: a) +1 shortbow
Press: ? - help, Q - select action, (/) - cycle Shift-Dir - straight line, f/p - endoplasm
Aim: an endoplasm (87% to hit)
You shoot an arrow.
The arrow hits the endoplasm but does no damage.
Fire: a) +1 shortbow
Press: ? - help, Q - select action, (/) - cycle Shift-Dir - straight line, f/p - endoplasm
Aim: an endoplasm (87% to hit)
You shoot an arrow. The arrow hits the endoplasm!
You kill the endoplasm!
Fire: a) +1 shortbow
Press: ? - help, Q - select action, (/) - cycle Shift-Dir - straight line, f - iguana
Aim: an iguana (68% to hit)
You shoot an arrow. The arrow barely misses the iguana.
The iguana barely misses you.
Fire: a) +1 shortbow
Press: ? - help, Q - select action, (/) - cycle Shift-Dir - straight line, f/p - iguana
Aim: an iguana (68% to hit)
You shoot an arrow. The arrow hits the iguana.
The iguana is lightly wounded.
The iguana bites you!
Fire: a) +1 shortbow
Press: ? - help, Q - select action, (/) - cycle Shift-Dir - straight line, f/p - iguana
Aim: an iguana (lightly wounded, 68% to hit)
You shoot an arrow. The arrow hits the iguana.
The iguana is moderately wounded.
The iguana bites you! The iguana barely misses you.
Fire: a) +1 shortbow
Press: ? - help, Q - select action, (/) - cycle Shift-Dir - straight line, f/p - iguana
Aim: an iguana (moderately wounded, 68% to hit)
You shoot an arrow.
The arrow hits the iguana but does no damage.
The iguana is moderately wounded.
The iguana bites you!
* * * LOW HITPOINT WARNING * * *
Fire: a) +1 shortbow
Press: ? - help, Q - select action, (/) - cycle Shift-Dir - straight line, f/p - iguana
Aim: an iguana (moderately wounded, 68% to hit)
You shoot an arrow. The arrow hits the iguana.
The iguana is heavily wounded.
The iguana bites you.
* * * LOW HITPOINT WARNING * * *
Fire: a) +1 shortbow
Press: ? - help, Q - select action, (/) - cycle Shift-Dir - straight line, f/p - iguana
Aim: an iguana (heavily wounded, 68% to hit)
You shoot an arrow. The arrow hits the iguana.
The iguana is almost dead.
The iguana barely misses you.
Fire: a) +1 shortbow
Press: ? - help, Q - select action, (/) - cycle Shift-Dir - straight line, f/p - iguana
Aim: an iguana (almost dead, 68% to hit)
You shoot an arrow.
The arrow hits the iguana but does no damage.
The iguana is almost dead.
The iguana bites you.
You die...

#...#.....
#...#..... #
#.........
.###.........
............
..
#.......!..
###..
#.l......#
#....##.
#.@.#
........
#......#.#
.<.....#
#...... .#
.......#
###.... ..
.......#
#.... ..#
†.......
...... ..#
<.......
.#.###. ...
........# #.
## ..#
........#


You could see an iguana.

Vanquished Creatures
  An iguana (D:4)
  2 adders
  A worm (D:2)
  A dart slug (D:1)
  An orc (D:2)
  7 ball pythons
  4 endoplasms
  2 giant cockroaches
  3 goblins (D:1)
  6 hobgoblins
  4 jackals (D:1)
  2 quokkas (D:1)
  6 bats
  2 frilled lizards
  2 kobolds (D:1)
  4 rats
48 creatures vanquished.

Vanquished Creatures (collateral kills)
  A hobgoblin (D:2)
1 creature vanquished.

Grand Total: 49 creatures vanquished

Notes
Turn   | Place    | Note
-------+----------+-------------------------------------------
     0 | D:1      | Darkkill the Minotaur Hunter began the quest for the Orb.
     0 | D:1      | Reached XP level 1. HP: 18/18 MP: 0/0
   124 | D:1      | Reached skill level 1 in Stealth
   155 | D:1      | Reached XP level 2. HP: 25/25 MP: 1/1
   341 | D:1      | Reached XP level 3. HP: 31/31 MP: 2/2
  1008 | D:2      | Found a shimmering altar of Xom.
  1319 | D:3      | Found a bloodstained altar of Trog.
  1429 | D:3      | Found a faded altar of an unknown god.
  1707 | D:4      | Reached XP level 4. HP: 38/38 MP: 3/3
  1710 | D:4      | Reached skill level 5 in Ranged Weapons
  1739 | D:4      | Noticed Edmund
  1756 | D:4      | HP: 4/38 [iguana (12)]
  1759 | D:4      | Slain by an iguana

Illustrated notes

Levels and vault maps discovered:
D:1:      ncdulo_smallfort, layout_loops_ring, kennysheep_nondescript
D:2:      layout_basic, basic_altar
D:3:      layout_rooms, trog_book, ebering_ecumenical_altar_box
D:4:      layout_cave_pools, makhleb_heckhound_becter,
          chequers_serial_rivers_small_b, uniq_edmund

Skill      XL: |  1  2  3  4 |
---------------+-------------+-----
Stealth        | 1 2 |  2.0
Fighting       | 3 |  3.5
Dodging        | 3 |  3.2
Ranged Weapons | 5 |  5.0

Action                     |  1- 3 |  4- 6 || total
---------------------------+-------+-------++-------
   Fire: Shortbow          |    96 |    22 ||   118
    Use: Scroll            |    13 |     2 ||    15
         Potion            |       |     2 ||     2
 Armour: Leather armour    |     8 |       ||     8
  Dodge: Dodged            |    24 |     6 ||    30

Table legend: (Time is in decaauts)
 A = Elapsed time spent in this place.
 B = Non-inter-level travel time spent in this place.
 C = Inter-level travel time spent in this place.
 D = Time resting spent in this place.
 E = Time spent auto-exploring this place.
 F = Levels seen in this place.
 G = Mean time per level.
                   A        B        C        D        E       F      G
               +--------+--------+--------+--------+--------+-----+--------+
         Total |   1792 |   1710 |     82 |    100 |   1323 |   4 |  448.0 |
       Dungeon |   1792 |   1710 |     82 |    100 |   1323 |   4 |  448.0 |
               +--------+--------+--------+--------+--------+-----+--------+

Top non-repeatable levels by time:
     D:1: 719 daAuts
     D:2: 575 daAuts
     D:3: 430 daAuts
     D:4: 67 daAuts

Table legend:
 A = Kills in this place as a percentage of kills in the entire game.
 B = Kills by you in this place as a percentage of kills by you in the entire game.
 C = Kills by friends in this place as a percentage of kills by friends in the entire game.
 D = Other kills in this place as a percentage of other kills in the entire game.
 E = Experience gained in this place as a percentage of experience gained in the entire game.
 F = Experience gained in this place divided by the number of levels of this place that you have seen.
                   A       B       C       D       E      F
               +-------+-------+-------+-------+-------+----------------------
         Total | 100.0 | 100.0 | 100.0 |   N/A | 100.0 |  37.5
       Dungeon | 100.0 | 100.0 | 100.0 |   N/A | 100.0 |  37.5
               +-------+-------+-------+-------+-------+----------------------
